% Time on Ice - SEATTLE GRUNGE
Lines # - Real PCT - Wanted PCT - Time Play
Normal Forward
1 - 32% - 37% - 16:39
2 - 30% - 33% - 15:40
3 - 25% - 23% - 13:11
4 - 12% - 7% - 6:20
Normal Defense
1 - 38% - 40% - 19:44
2 - 35% - 35% - 17:59
3 - 27% - 25% - 14:07
4 - 0% - 0% - 0:00
PP Forward
1 - 64% - 55% - 1:25
2 - 36% - 45% - 0:48
PP Defense
1 - 50% - 55% - 1:06
2 - 50% - 45% - 1:07
PK Forward
1 - 59% - 55% - 3:29
2 - 41% - 45% - 2:28
PK Defense
1 - 40% - 55% - 2:22
2 - 60% - 45% - 3:35
PK3 Forward
1 - 0% - 55%
2 - 0% - 45%
PK3 Defense
1 - 0% - 55%
2 - 0% - 45%
44 Forward
1 - 0% - 55%
2 - 0% - 45%
44 Defense
1 - 0% - 55%
2 - 0% - 45%
Last Minute Offensive  - 0:00
Last Minute Defensive  - 0:00
Total
Forward - 60:00
Defense - 60:00
% Time on Ice - SAN JOSE BRONCOS
Lines # - Real PCT - Wanted PCT - Time Play
Normal Forward
1 - 25% - 25% - 13:04
2 - 25% - 25% - 12:54
3 - 25% - 25% - 12:48
4 - 25% - 25% - 13:04
Normal Defense
1 - 30% - 30% - 15:26
2 - 31% - 30% - 15:51
3 - 32% - 30% - 16:30
4 - 8% - 10% - 4:03
PP Forward
1 - 51% - 50% - 3:01
2 - 49% - 50% - 2:56
PP Defense
1 - 58% - 50% - 3:28
2 - 42% - 50% - 2:29
PK Forward
1 - 68% - 50% - 1:31
2 - 32% - 50% - 0:42
PK Defense
1 - 86% - 50% - 1:54
2 - 14% - 50% - 0:19
PK3 Forward
1 - 0% - 50%
2 - 0% - 50%
PK3 Defense
1 - 0% - 50%
2 - 0% - 50%
44 Forward
1 - 0% - 50%
2 - 0% - 50%
44 Defense
1 - 0% - 50%
2 - 0% - 50%
Last Minute Offensive  - 0:00
Last Minute Defensive  - 0:00
Total
Forward - 60:00
Defense - 60:00
Play-by-Play 1st period 0:01 of 1st period - Clayton Keller wins face-off versus Tyler Seguin in neutral zone. 0:24 of 1st period - Shot by Clayton Keller. 0:24 of 1st period - Stopped by Casey DeSmith without a rebound. 0:25 of 1st period - Nico Sturm wins face-off versus Alexander Kerfoot in SEATTLE GRUNGE zone. 0:38 of 1st period - Nico Sturm is hit by Alexander Kerfoot and loses puck. 2:21 of 1st period - Jimmy Vesey is hit by Brett Leason and loses puck. 2:35 of 1st period - Off-side. 2:36 of 1st period - Tyler Seguin wins face-off versus Clayton Keller in neutral zone. 2:42 of 1st period - William Nylander is hit by Adam Pelech. 2:44 of 1st period - Shot by Morgan Geekie. 2:44 of 1st period - Shot Blocked by Jesper Bratt. 2:57 of 1st period - Shot by William Nylander. 2:57 of 1st period - Stopped by John Gibson without a rebound. 2:58 of 1st period - Chris Tierney wins face-off versus Jesse Puljujarvi in SAN JOSE BRONCOS zone. 3:13 of 1st period - Shot by Alexander Kerfoot. 3:13 of 1st period - Stopped by Casey DeSmith without a rebound. 3:14 of 1st period - Tyler Seguin wins face-off versus Ilya Usau in SEATTLE GRUNGE zone. 3:14 of 1st period - Tyler Seguin is hit by Brett Leason. 3:21 of 1st period - Off-side. 3:22 of 1st period - Tomas Nosek wins face-off versus Tyler Seguin in neutral zone. 3:25 of 1st period - Shot by Jaccob Slavin. 3:25 of 1st period - Shot Blocked by Brett Kulak. 3:27 of 1st period - Shot by Tomas Nosek. 3:27 of 1st period - Shot Blocked by Tyler Seguin. 3:29 of 1st period - Shot by Brayden Point. 3:29 of 1st period - Shot Blocked by Travis Sanheim. 3:31 of 1st period - Shot by Jaccob Slavin. 3:31 of 1st period - Stopped by Casey DeSmith without a rebound. 3:32 of 1st period - Alexey Toropchenko wins face-off versus Ilya Usau in SEATTLE GRUNGE zone. 4:40 of 1st period - Shot by William Nylander. 4:40 of 1st period - Deflect By Tyler Seguin. 4:40 of 1st period - Stopped by John Gibson without a rebound. 4:41 of 1st period - Tomas Nosek wins face-off versus Travis Boyd in SAN JOSE BRONCOS zone. 5:01 of 1st period - Icing by Nico Sturm. 5:02 of 1st period - Nico Sturm wins face-off versus Clayton Keller in SEATTLE GRUNGE zone. 5:19 of 1st period - Shot by Clayton Keller. 5:19 of 1st period - Shot Misses the Net. 5:21 of 1st period - Shot by Clayton Keller. 5:21 of 1st period - Deflect By Jesper Bratt. 5:21 of 1st period - Goal by Jesper Bratt - SEATTLE GRUNGE : 0 - SAN JOSE BRONCOS : 1. 5:22 of 1st period - Alexander Kerfoot wins face-off versus William Nylander in neutral zone. 5:24 of 1st period - Off-side. 5:25 of 1st period - Alexander Kerfoot wins face-off versus William Nylander in neutral zone. 5:46 of 1st period - Icing by Damon Severson. 5:47 of 1st period - Rem Pitlick wins face-off versus Alexander Kerfoot in SAN JOSE BRONCOS zone. 5:51 of 1st period - Jimmy Vesey is hit by Damon Severson. 6:00 of 1st period - Jimmy Vesey is hit by Adam Pelech and loses puck. 6:21 of 1st period - Shot by Curtis Lazar. 6:21 of 1st period - Deflect By Rem Pitlick. 6:21 of 1st period - Shot Misses the Net. 6:23 of 1st period - Shot by Jimmy Vesey. 6:23 of 1st period - Deflect By Curtis Lazar. 6:23 of 1st period - Stopped by John Gibson without a rebound. 6:24 of 1st period - Tomas Nosek wins face-off versus Tyler Seguin in SAN JOSE BRONCOS zone. 6:40 of 1st period - Icing by William Nylander. 6:41 of 1st period - Jesper Bratt wins face-off versus Tyler Seguin in SEATTLE GRUNGE zone. 6:56 of 1st period - Icing by Travis Sanheim. 6:57 of 1st period - Tomas Nosek wins face-off versus William Nylander in SEATTLE GRUNGE zone. 7:37 of 1st period - Brayden Point is hit by Nico Sturm and loses puck. 7:48 of 1st period - Nick Seeler is hit by Carl Grundstrom. 8:10 of 1st period - Minor Penalty to Nikita Zaitsev for Hooking. 8:11 of 1st period - Oliver Bjorkstrand wins face-off versus William Nylander in SEATTLE GRUNGE zone. 8:58 of 1st period - Shot by Clayton Keller. 8:58 of 1st period - Shot Misses the Net. 9:12 of 1st period - Nico Sturm is hit by Jesse Puljujarvi and loses puck. 10:25 of 1st period - Shot by Curtis Lazar. 10:25 of 1st period - Shot Misses the Net. 10:52 of 1st period - Icing by Jake Walman. 10:53 of 1st period - Ilya Usau wins face-off versus Chris Tierney in SAN JOSE BRONCOS zone. 11:10 of 1st period - Shot by Clayton Keller. 11:10 of 1st period - Stopped by Casey DeSmith without a rebound. 11:11 of 1st period - Travis Boyd wins face-off versus Clayton Keller in SEATTLE GRUNGE zone. 11:20 of 1st period - Shot by Warren Foegele. 11:20 of 1st period - Stopped by John Gibson without a rebound. 11:21 of 1st period - Clayton Keller wins face-off versus William Nylander in SAN JOSE BRONCOS zone. 11:59 of 1st period - Shot by William Nylander. 11:59 of 1st period - Stopped by John Gibson without a rebound. 12:00 of 1st period - Travis Boyd wins face-off versus Alexander Kerfoot in SAN JOSE BRONCOS zone. 12:03 of 1st period - Shot by Nico Sturm. 12:03 of 1st period - Stopped by John Gibson with a rebound. 12:19 of 1st period - Shot by Travis Boyd. 12:19 of 1st period - Shot Misses the Net. 12:31 of 1st period - Shot by Travis Boyd. 12:31 of 1st period - Shot Blocked by Adam Pelech. 12:44 of 1st period - Shot by Jesse Puljujarvi. 12:44 of 1st period - Shot Misses the Net. 13:24 of 1st period - Shot by Rem Pitlick. 13:24 of 1st period - Shot Blocked by Jaccob Slavin. 13:26 of 1st period - Shot by Curtis Lazar. 13:26 of 1st period - Shot Blocked by Neal Pionk. 13:28 of 1st period - Shot by Nick Seeler. 13:28 of 1st period - Shot Blocked by Neal Pionk. 13:30 of 1st period - Shot by Jimmy Vesey. 13:30 of 1st period - Shot Blocked by Jaccob Slavin. 14:25 of 1st period - Shot by Oliver Bjorkstrand. 14:25 of 1st period - Shot Misses the Net. 14:27 of 1st period - Shot by Jake Walman. 14:27 of 1st period - Shot Misses the Net. 15:00 of 1st period - Adam Pelech is hit by Alexey Toropchenko and loses puck. 15:32 of 1st period - Off-side. 15:33 of 1st period - Travis Boyd wins face-off versus Alexander Kerfoot in neutral zone. 16:12 of 1st period - Shot by Warren Foegele. 16:12 of 1st period - Goal by Warren Foegele - SEATTLE GRUNGE : 1 - SAN JOSE BRONCOS : 1. 16:13 of 1st period - Ilya Usau wins face-off versus Curtis Lazar in neutral zone. 16:19 of 1st period - Icing by Travis Sanheim. 16:20 of 1st period - Rem Pitlick wins face-off versus Clayton Keller in SEATTLE GRUNGE zone. 16:33 of 1st period - Icing by Jake Walman. 16:34 of 1st period - Clayton Keller wins face-off versus Chris Tierney in SAN JOSE BRONCOS zone. 16:34 of 1st period - Jesper Bratt is hit by Alexey Toropchenko and loses puck. 16:38 of 1st period - Jake Walman is hit by Jakub Vrana and loses puck. 16:56 of 1st period - Icing by Jake Bean. 16:57 of 1st period - Tyler Seguin wins face-off versus Clayton Keller in SAN JOSE BRONCOS zone. 17:16 of 1st period - Shot by William Nylander. 17:16 of 1st period - Stopped by John Gibson without a rebound. 17:17 of 1st period - Ilya Usau wins face-off versus Travis Boyd in SAN JOSE BRONCOS zone. 17:22 of 1st period - Jaccob Slavin is hit by Nico Sturm and loses puck. 17:27 of 1st period - Shot by Warren Foegele. 17:27 of 1st period - Goal by Warren Foegele - SEATTLE GRUNGE : 2 - SAN JOSE BRONCOS : 1. 17:28 of 1st period - Tomas Nosek wins face-off versus Rem Pitlick in neutral zone. 17:33 of 1st period - Icing by Brett Kulak. 17:34 of 1st period - Ilya Usau wins face-off versus Rem Pitlick in SEATTLE GRUNGE zone. 17:38 of 1st period - Icing by Brett Kulak. 17:39 of 1st period - Ilya Usau wins face-off versus Rem Pitlick in SEATTLE GRUNGE zone. 17:39 of 1st period - Jaccob Slavin is hit by Brett Kulak and loses puck. 18:47 of 1st period - Shot by Cole Caufield. 18:47 of 1st period - Deflect By Jesse Puljujarvi. 18:47 of 1st period - Shot Blocked by Kaiden Guhle. 19:32 of 1st period - Brayden Point is hit by Nico Sturm and loses puck. Goals for this period are 2 for SEATTLE GRUNGE vs 1 for SAN JOSE BRONCOS. Shots for this period are 9 for SEATTLE GRUNGE vs 5 for SAN JOSE BRONCOS. 2nd period 0:01 of 2nd period - William Nylander wins face-off versus Clayton Keller in neutral zone. 0:22 of 2nd period - Off-side. 0:23 of 2nd period - Tomas Nosek wins face-off versus Travis Boyd in neutral zone. 0:33 of 2nd period - Icing by Travis Boyd. 0:34 of 2nd period - Alexander Kerfoot wins face-off versus Travis Boyd in SEATTLE GRUNGE zone. 0:40 of 2nd period - Shot by Neal Pionk. 0:40 of 2nd period - Stopped by Casey DeSmith without a rebound. 0:41 of 2nd period - Tomas Nosek wins face-off versus Tyler Seguin in SEATTLE GRUNGE zone. 0:41 of 2nd period - Tomas Nosek is hit by Travis Sanheim. 0:59 of 2nd period - Shot by Morgan Geekie. 0:59 of 2nd period - Shot Blocked by Jaccob Slavin. 1:11 of 2nd period - Shot by Brayden Point. 1:11 of 2nd period - Stopped by Casey DeSmith without a rebound. 1:12 of 2nd period - Ilya Usau wins face-off versus Travis Boyd in SEATTLE GRUNGE zone. 1:12 of 2nd period - Ilya Usau is hit by Kaiden Guhle. 2:10 of 2nd period - Shot by Oliver Bjorkstrand. 2:10 of 2nd period - Stopped by Casey DeSmith without a rebound. 2:11 of 2nd period - Alexander Kerfoot wins face-off versus Tyler Seguin in SEATTLE GRUNGE zone. 2:14 of 2nd period - Shot by Alexander Kerfoot. 2:14 of 2nd period - Stopped by Casey DeSmith with a rebound. 2:16 of 2nd period - Shot by Alexander Kerfoot. 2:16 of 2nd period - Shot Blocked by Brett Kulak. 2:20 of 2nd period - Shot by Alexander Kerfoot. 2:20 of 2nd period - Stopped by Casey DeSmith without a rebound. 2:21 of 2nd period - Rem Pitlick wins face-off versus Jesper Bratt in SEATTLE GRUNGE zone. 2:55 of 2nd period - Clayton Keller is hit by Nick Seeler and loses puck. 3:04 of 2nd period - Shot by Clayton Keller. 3:04 of 2nd period - Shot Misses the Net. 3:09 of 2nd period - Icing by Nick Seeler. 3:10 of 2nd period - Rem Pitlick wins face-off versus Alexander Kerfoot in SEATTLE GRUNGE zone. 3:10 of 2nd period - Rem Pitlick is hit by Jesse Puljujarvi. 3:49 of 2nd period - Shot by Cole C